 Dungeon Crawl Stone Soup version 0.26.0-16-gc1dbca0489 (webtiles) character file.

Game seed: 15744465856624516309

51 thiole the Sneak (level 3, -7/21 HPs)
             Began as an Octopode Hedge Wizard on Jan 21, 2021.
             Killed by nerve-wracking pain
             ... invoked by an orc priest
              (14 damage)
             ... on level 2 of the Dungeon.
             The game lasted 00:01:12 (1217 turns).

thiole the Sneak (Octopode Hedge Wizard)            Turns: 1217, Time: 00:01:13

Health: -7/21      AC:  1    Str:  9    XL:     3   Next: 81%
Magic:  1/7        EV: 13    Int: 17    God:
Gold:   15         SH:  0    Dex: 11    Spells: 0/8 levels left

rFire    . . .     SeeInvis .   a - +0 dagger
rCold    . . .     Faith    .   (no shield)
rNeg     . . .     Spirit   .   b - +0 hat
rPois    .         Reflect  .   (no amulet)
rElec    .         Harm     .   (no ring)
rCorr    .         Rampage  .   (no ring)
Will     .....                  (no ring)
Stlth    +++.......             (no ring)
HPRegen  0.07/turn              (no ring)
MPRegen  0.10/turn              (no ring)
                                (no ring)
                                (no ring)

@: no status effects
A: almost no armour, stealthy swim, amphibious, 8 rings, constrict 8, camouflage
1, gelatinous body 1
a: no special abilities


You were on level 2 of the Dungeon.
You visited 1 branch of the dungeon, and saw 2 of its levels.

You collected 15 gold pieces.

Inventory:

Hand Weapons
 a - a +0 dagger (weapon)
Armour
 b - a +0 hat (worn)
Scrolls
 c - 4 scrolls of identify {unknown}
 e - a scroll of magic mapping {unknown}
 f - a scroll of blinking {unknown}
 g - a scroll of amnesia {unknown}
 j - a scroll of noise {unknown}
 l - a scroll of enchant armour {unknown}
Potions
 d - a potion of flight {unknown}
 h - a potion of curing
 i - a potion of resistance {unknown}
 k - a potion of magic {unknown}
 m - 2 potions of haste {unknown}


   Skills:
 - Level 2.0 Dodging
 + Level 3.4 Stealth
 + Level 3.3 Spellcasting
 * Level 1.9 Conjurations
 + Level 1.7 Summonings
 - Level 1.4 Translocations


You couldn't memorise any spells.
You knew the following spells:

 Your Spells              Type           Power        Failure   Level
a - Magic Dart            Conj           36%          8%          1
b - Call Imp              Summ           8%           13%         2
c - Slow                  Hex            2%           26%         2
d - Mephitic Cloud        Conj/Pois/Air  5%           36%         3

Your spell library contained the following spells:

 Spells                   Type           Power        Failure   Level
 Blink                    Tloc           N/A          14%         2
 Conjure Flame            Conj/Fire      6%           34%         3


Dungeon Overview and Level Annotations

Branches:
Dungeon (2/15)

Altars:


Innate Abilities, Weirdness & Mutations

You cannot wear most types of armour.
You are very stealthy in the water. (Stealth+)
You are amphibious.
You can wear up to eight rings at the same time.
You can use your tentacles to constrict eight enemies at once.
Your skin changes colour to match your surroundings (Stealth+).
Your rubbery body absorbs attacks. (AC +1, EV +1)


Message History

An orc comes into view.
A bat comes into view.
The bat moves out of view.
There are monsters nearby!
The orc priest mumbles some strange prayers to Beogh against you.
Beogh smites you!
Ouch! That really hurt!
There are monsters nearby!
You are too injured to fight recklessly!
The orc priest barely misses you.
You are confused.
The orc priest barely misses you. The orc priest closely misses you.
A magic dart appears from out of thin air!
The magic dart hits you.
* * * LOW HITPOINT WARNING * * *
It was a potion of curing.
You feel better.
The orc priest calls down the wrath of Beogh upon you.
Pain shoots through your body!
Ouch! That really hurt!
You die...

... ... .... ..# #...#
...... #######...# #
.....#...# .#.#
.......##.#.#
#...........
#.#######..........#
...†.o.o.@..........
####
...####{o........#
#... #.####(.#.## #...
#.####..#<# #...
#.#.......# ####
#.#.......# ####
##.#...)...# ....
............# ########
....#####.#####...####


You could see an orc priest and 2 orcs.

Vanquished Creatures
  An adder (D:2)
  A worm (D:2)
  A dart slug (D:2)
  4 bats (D:1)
  5 goblins (D:1)
  5 hobgoblins
  4 jackals
  2 quokkas (D:2)
  2 frilled lizards
  7 kobolds
  A rat (D:1)
33 creatures vanquished.

Notes
Turn   | Place    | Note
-------+----------+-------------------------------------------
     0 | D:1      | thiole the Octopode Hedge Wizard began the quest for the
                  | Orb.
     0 | D:1      | Reached XP level 1. HP: 11/11 MP: 4/4
   111 | D:1      | Reached XP level 2. HP: 17/17 MP: 1/6
   593 | D:1      | Reached XP level 3. HP: 21/21 MP: 5/7
   792 | D:1      | Learned a level 2 spell: Call Imp
   795 | D:1      | Learned a level 2 spell: Slow
   799 | D:1      | Learned a level 3 spell: Mephitic Cloud
  1217 | D:2      | Killed from afar by an orc priest

Illustrated notes

Levels and vault maps discovered:
D:1:      amcnicky_arrival_choice, layout_rooms
D:2:      layout_basic, chequers_ecumenical_altar_island

Skill      XL: |  1  2 |
---------------+-------+-----
Stealth        | 3 |  3.4
Dodging        | |  2.0
Spellcasting   | |  3.3
Conjurations   | |  1.9
Summonings     | |  1.7
Translocations | |  1.4

Action                   || total
-------------------------++-------
Melee: Dagger            ||    27
       Constrict         ||     8
       Tentacles         ||     6
 Cast: Magic Dart        ||    72
  Use: Potion            ||     1
Armor: Skin              ||     3
Dodge: Dodged            ||    17
